Map: Simulacrum LE

Players

LiquidTaeJa (TaeJa) - Winner!

  • Race: Terran Terran
  • League: Grandmaster
  • Spawn Location: 5:00

JinairRogue (Rogue)

  • Race: Zerg Zerg
  • Spawn Location: 11:00

VOD

Have the link to the VOD?

Description

Time

  • Played on: Jan. 9, 2020, 5 a.m.
  • Length: 29:45
Show
View Real Time Build Order
Export as new Build Order

LiquidTaeJa Terran - Winner!

Build Orders: Hellion Opening, Reaper Expand, Mech 

Get SALT Encoding   

  12  0:00  SCV  
  13  0:12  SCV  
  14  0:16  Supply Depot  
  14  0:24  SCV  
  15  0:38  SCV  
  15  0:40  Barracks  
  16  0:44  Refinery  
  16  0:50  SCV  
  17  1:02  SCV  
  18  1:14  SCV  
  19  1:27  Reaper, Orbital Command  
  20  1:40  Command Center  
  20  1:51  Supply Depot  
  20  1:52  SCV  
  21  1:59  Marine  
  22  2:04  SCV  
  22  2:07  Bunker  
  23  2:14  Factory  
  23  2:17  SCV  
  23  2:20  Barracks Reactor  
  24  2:28  Refinery  
  24  2:29  SCV  
  25  2:41  SCV  
  26  2:51  Orbital Command  
  26  2:53  SCV  
  27  2:59  Starport  
  27  3:03  Hellion  
  27  3:04  Marine, Hellion  
  32  3:07  SCV  
  33  3:13  Supply Depot  
  33  3:20  SCV x2  
  33  3:25  Hellion x2  
  39  3:32  SCV  
  39  3:33  SCV  
  41  3:35  Fusion Core  
  41  3:38  Starport Tech Lab  
  41  3:44  SCV  
  41  3:45  SCV  
  41  3:46  Hellion x2  
  47  3:56  SCV  
  47  3:57  SCV  
  47  3:58  Supply Depot  
  50  4:10  SCV x2  
  51  4:22  SCV x2  
  59  4:24  Battlecruiser  
  59  4:26  Command Center  
  59  4:31  Supply Depot  
  59  4:34  SCV x2  
  61  4:43  Refinery  
  61  4:44  Refinery  
  61  4:46  SCV  
  63  4:52  SCV  
  63  4:58  SCV  
  64  5:01  Supply Depot  
  64  5:04  Factory  
  64  5:05  SCV  
  65  5:07  Factory  
  65  5:14  Supply Depot, Barracks Tech Lab  
  63  5:16  SCV, Hellion x2  
  63  5:17  SCV  
  69  5:33  SCV x2  
  75  5:35  Battlecruiser  
  75  5:37  Orbital Command  
  75  5:40  Hellion  
  75  5:41  Hellion  
  79  5:45  SCV x2  
  81  5:50  Factory Tech Lab  
  81  5:56  Weapon Refit  
  81  5:58  Hellion  
  81  5:59  Refinery x2  
  81  6:00  SCV x2  
  81  6:02  Orbital Command  
  85  6:08  Siege Tank  
  85  6:09  Engineering Bay  
  88  6:12  SCV x2, Hellion x2  
  94  6:22  Armory x2  
  94  6:24  SCV x2  
  96  6:31  Siege Tank  
  98  6:34  Hellion  
  98  6:36  SCV  
  101  6:46  Supply Depot x2  
  101  6:53  Supply Depot, Missile Turret  
  101  6:57  Missile Turret  
  101  7:02  Supply Depot  
  101  7:07  SCV x2, Siege Tank x2  
  101  7:08  SCV, Hellion  
  112  7:11  Supply Depot  
  112  7:13  Supply Depot, Terran Vehicle And Ship Armor Level 1, Terran Vehicle Weapons Level 1  
  108  7:18  Hellion  
  108  7:19  SCV x2  
  108  7:20  SCV  
  113  7:23  Factory x2  
  113  7:26  Barracks Reactor  
  113  7:32  SCV x3  
  116  7:41  Siege Tank x2  
  116  7:44  SCV, Hellion  
  123  7:45  Hellion  
  123  7:47  SCV  
  128  7:55  Missile Turret  
  120  8:00  Battlecruiser  
  120  8:02  SCV x2  
  120  8:03  SCV  
  119  8:07  Hellion  
  119  8:08  Factory Tech Lab  
  121  8:13  Siege Tank  
  121  8:16  Supply Depot  
  124  8:22  Command Center  
  124  8:25  Missile Turret  
  124  8:28  Hellion x3  
  124  8:29  Missile Turret  
  124  8:32  Siege Tank x2  
  136  8:34  Infernal Pre-Igniter  
  132  8:44  Hellion  
  128  8:51  Siege Tank  
  128  8:52  Hellion x3, Command Center  
  137  9:00  Supply Depot  
  137  9:03  Supply Depot x2  
  137  9:04  Supply Depot  
  137  9:05  Battlecruiser  
  137  9:07  Hellion, Siege Tank  
  148  9:12  Siege Tank  
  148  9:13  Sensor Tower  
  148  9:15  Hellion x3  
  157  9:27  Thor  
  157  9:29  Hellion  
  165  9:36  Hellion x2  
  169  9:38  SCV  
  169  9:39  SCV x2  
  169  9:45  Siege Tank  
  175  9:48  Refinery  
  175  9:49  Refinery  
  175  9:59  Factory x3  
  169  10:19  Missile Turret  
  169  10:20  Thor, Hellion x3  
  169  10:21  Hellion  
  167  10:36  Thor  
  167  10:40  Thor  
  179  10:58  Hellion x5  
  179  10:59  Hellion  
  179  11:00  Factory Reactor, Hellion x3, Factory Tech Lab x2  
  179  11:03  SCV x3  
  190  11:15  SCV, Thor  
  197  11:22  Planetary Fortress  
  197  11:25  Missile Turret x2  
  197  11:30  Terran Vehicle And Ship Armor Level 2  
  197  11:32  Terran Vehicle Weapons Level 2  
  197  11:44  Hellion  
  199  11:52  Sensor Tower  
  199  12:05  Refinery  
  193  12:11  Thor, Refinery  
  193  12:12  Missile Turret  
  193  12:13  Missile Turret  
  199  12:27  Thor x4  
  199  12:28  Hellion x5  
  194  12:32  Planetary Fortress  
  194  12:45  Hellion  
  194  12:49  Hellion  
  198  12:56  Hellion  
  192  13:07  Thor, Hellion  
  192  13:19  Siege Tank x3  
  199  13:40  Siege Tank  
  179  13:41  Hellion x3  
  179  13:47  Orbital Command  
  179  13:50  Terran Vehicle Weapons Level 3, Siege Tank  
  179  13:51  Siege Tank  
  179  13:54  Siege Tank x2  
  188  14:01  Hellion x3  
  177  14:12  Hellion x3, Siege Tank  
  156  14:22  Siege Tank  
  156  14:23  Thor  
  153  14:31  Hellion x3  
  144  14:39  Thor  
  144  14:40  Hellion x2  
  134  14:50  Hellion  
  134  14:51  Thor x2  
  144  15:00  Command Center  
  144  15:01  Thor  
  144  15:02  Hellion x2  
  154  15:07  Thor  
  154  15:13  Hellion x3  
  166  15:21  Terran Vehicle And Ship Armor Level 3  
  166  15:35  Hellion x4  
  174  15:38  Orbital Command  
  172  15:51  Thor  
  172  15:55  Thor  
  156  16:10  Siege Tank x2  
  156  16:11  Siege Tank  
  146  16:13  Hellion  
  146  16:14  Hellion x2  
  148  16:21  Hellion x3  
  152  16:30  Smart Servos  
  152  16:34  Hellion  
  152  16:35  Hellion, Siege Tank  
  152  16:39  Hellion x2  
  163  16:43  Hellion x2  
  167  16:50  Hellion  
  167  16:52  Siege Tank x3  
  178  17:00  Missile Turret, Siege Tank  
  181  17:06  Planetary Fortress  
  181  17:10  Hellion x4  
  181  17:11  Hellion  
  191  17:19  Siege Tank  
  180  17:23  Refinery  
  180  17:24  Siege Tank  
  180  17:25  Refinery  
  180  17:26  Hellion, Siege Tank x2  
  191  17:31  Hellion  
  185  17:40  Hellion  
  185  17:41  Hellion  
  189  17:46  Siege Tank  
  189  17:47  Raven  
  189  17:51  Siege Tank  
  197  17:56  Sensor Tower  
  194  17:59  Missile Turret  
  171  18:07  Hellion  
  171  18:08  Hellion x4  
  175  18:27  Hellion, Siege Tank x2  
  175  18:28  Cyclone x3, Mag-Field Accelerator  
  175  18:30  Raven  
  192  18:41  Missile Turret  
  192  18:45  Command Center  
  192  18:57  Hellion x2  
  196  19:14  Raven  
  198  19:21  Command Center  
  198  19:22  SCV  
  198  19:23  SCV  
  200  19:27  Armory  
  200  19:55  Command Center  
  162  20:24  Hellion, Siege Tank x3  
  162  20:25  Hellion x4  
  177  20:30  Battlecruiser  
  174  20:52  Hellion x5  
  184  21:05  SCV  
  184  21:06  SCV  
  184  21:11  Hellion x3, Siege Tank  
  163  21:12  Siege Tank x2  
  139  21:22  Hellion x2  
  119  21:29  Hellion x2  
  119  21:32  Siege Tank x2  
  111  21:37  Battlecruiser  
  117  21:41  Hellion x2  
  117  21:44  Siege Tank x3  
  130  21:48  Hellion  
  132  22:04  Hellion, Siege Tank x2  
  140  22:16  Siege Tank  
  143  22:27  Siege Tank  
  130  22:37  Hellion x3  
  119  22:40  Raven  
  104  22:51  Hellion x3  
  104  22:55  Hellion  
  104  22:56  Hellion  
  93  23:02  Hellion  
  95  23:12  Hellion  
  97  23:24  Missile Turret  
  97  23:25  Raven  
  99  23:37  Siege Tank x2  
  105  23:47  Hellion x2  
  109  23:58  Siege Tank  
  109  24:02  Siege Tank  
  96  24:04  Hellion  
  90  24:16  SCV x2  
  92  24:27  Planetary Fortress  
  92  24:28  SCV  
  92  24:29  Hellion  
  92  24:30  Hellion x4  
  103  24:50  Orbital Command  
  103  24:53  Hellion x3  
  103  24:59  Hellion x2  
  113  25:03  Hellion x2  
  113  25:05  Missile Turret  
  117  25:10  SCV x3  
  111  25:15  Hellion x3  
  111  25:18  SCV  
  116  25:22  SCV  
  116  25:24  SCV  
  116  25:26  SCV  
  117  25:30  Refinery x2  
  117  25:32  Missile Turret  
  117  25:34  Missile Turret  
  117  25:37  SCV x2  
  119  25:44  Sensor Tower  
  119  25:45  Thor  
  125  25:52  SCV x4  
  125  25:54  Refinery  
  129  25:57  Refinery  
  129  26:04  SCV  
  130  26:13  Hellion x2  
  130  26:14  Orbital Command  
  134  26:22  Thor  
  134  26:24  Hellion x4  
  148  26:29  Supply Depot  
  144  26:47  Supply Depot  
  144  26:48  Supply Depot x2  
  144  26:50  Supply Depot  
  144  26:51  Hellion x2  
  148  26:59  Hellion  
  148  27:07  Missile Turret  
  148  27:08  Thor  
  148  27:09  Thor, Hellion  
  148  27:13  Thor  
  170  27:15  Hellion  
  170  27:17  Drilling Claws  
  170  27:37  Widow Mine x5  
  174  27:52  Siege Tank  
  174  27:53  Siege Tank  
  180  28:00  Supply Depot x2  
  178  28:18  Hellion  
  180  28:21  Siege Tank x2  
  180  28:22  Hellion x2  
  180  28:26  Siege Tank  
  193  28:28  Siege Tank  
  196  28:39  Supply Depot  
  196  28:43  Missile Turret  
  164  29:06  Siege Tank  
  137  29:10  Hellion x5  
  133  29:23  Hellion x2  
Show
View Real Time Build Order
Export as new Build Order

JinairRogue Zerg 

Build Orders: Hatch First 

Get SALT Encoding   

  12  0:00  Drone  
  13  0:12  Overlord  
  13  0:17  Drone  
  14  0:30  Drone  
  14  0:31  Drone  
  16  0:48  Hatchery  
  15  0:52  Drone  
  15  0:55  Drone  
  17  0:59  Drone  
  18  1:11  Extractor  
  17  1:16  Spawning Pool  
  16  1:18  Drone  
  16  1:22  Drone  
  18  1:29  Drone  
  19  1:40  Drone  
  20  1:54  Overlord  
  20  2:02  Zergling x2  
  20  2:03  Zergling x2, Queen x2  
  26  2:14  Drone x2  
  28  2:18  Metabolic Boost  
  28  2:24  Drone x2  
  30  2:33  Spore Crawler  
  30  2:36  Drone  
  30  2:37  Drone  
  32  2:41  Queen  
  34  2:46  Overlord  
  34  2:47  Drone  
  35  2:56  Drone  
  36  3:03  Hatchery  
  35  3:06  Drone  
  35  3:09  Drone  
  35  3:10  Drone  
  38  3:15  Drone x2  
  38  3:19  Pneumatized Carapace  
  40  3:22  Drone x2  
  40  3:25  Overlord  
  42  3:28  Drone  
  42  3:30  Drone  
  44  3:38  Overlord  
  44  3:46  Zergling x6  
  44  3:47  Queen  
  49  3:52  Drone x3  
  49  3:55  Overlord  
  52  4:01  Roach Warren  
  51  4:03  Drone x2  
  51  4:09  Overlord  
  53  4:15  Queen  
  55  4:17  Lair  
  55  4:18  Drone x3  
  55  4:24  Zergling x4  
  60  4:25  Queen  
  60  4:28  Drone x2  
  64  4:34  Drone  
  64  4:35  Drone x2  
  68  4:38  Zergling x4  
  68  4:40  Overlord  
  68  4:41  Drone  
  70  4:48  Drone  
  70  4:51  Roach x4  
  79  4:55  Drone x3  
  79  4:58  Spore Crawler  
  81  5:00  Overlord  
  81  5:05  Extractor  
  80  5:07  Extractor, Overlord  
  80  5:08  Drone x4  
  80  5:10  Drone  
  80  5:13  Drone  
  85  5:14  Spore Crawler  
  85  5:15  Spore Crawler  
  85  5:16  Extractor  
  85  5:17  Drone  
  85  5:18  Extractor  
  85  5:20  Drone x2  
  84  5:23  Extractor  
  84  5:24  Drone x2  
  85  5:29  Drone x2  
  85  5:30  Drone  
  85  5:35  Drone x6  
  94  5:40  Glial Reconstitution, Drone  
  95  5:46  Overlord x2  
  95  5:51  Overlord  
  95  5:55  Spire  
  94  5:58  Drone x4  
  98  6:04  Evolution Chamber x2  
  98  6:05  Drone x3  
  98  6:06  Drone  
  100  6:13  Roach x4  
  100  6:16  Overlord  
  107  6:25  Drone  
  107  6:26  Drone  
  107  6:36  Hatchery  
  107  6:39  Drone x4  
  107  6:40  Drone  
  105  6:50  Overlord  
  105  6:55  Overseer  
  104  7:07  Corruptor x8  
  104  7:08  Corruptor  
  122  7:18  Corruptor x2  
  122  7:21  Overlord  
  126  7:26  Zerg Flyer Weapons Level 1  
  126  7:27  Hatchery  
  125  7:34  Roach  
  125  7:35  Roach x5  
  135  7:40  Drone x5  
  133  7:50  Drone x7  
  134  7:53  Zerg Melee Weapons Level 1  
  134  7:57  Zerg Missile Weapons Level 1  
  127  7:59  Drone  
  125  8:06  Drone  
  125  8:07  Drone x4  
  125  8:12  Drone x5  
  135  8:13  Drone x3  
  135  8:19  Baneling Nest  
  137  8:22  Ravager x3  
  137  8:23  Ravager x2  
  137  8:24  Drone x3  
  137  8:25  Drone  
  137  8:26  Extractor x2  
  144  8:34  Overlord  
  144  8:37  Hatchery  
  142  8:45  Drone x4  
  142  8:46  Overlord  
  145  8:51  Corruptor  
  145  8:52  Corruptor x3  
  153  9:03  Overlord  
  153  9:05  Corruptor  
  153  9:06  Corruptor x3, Overseer  
  161  9:10  Drone x3  
  161  9:13  Roach x3  
  161  9:15  Overlord  
  161  9:17  Overlord  
  170  9:21  Overseer  
  170  9:24  Roach x2  
  174  9:27  Zerg Flyer Weapons Level 2  
  174  9:29  Zergling x2, Infestation Pit  
  174  9:30  Overlord  
  174  9:31  Overlord  
  174  9:37  Overlord  
  174  9:40  Zergling x14  
  174  9:42  Ravager x3  
  174  9:43  Ravager x2  
  186  9:54  Zergling x2  
  186  9:55  Zergling x14, Hatchery  
  193  10:00  Zergling x2  
  193  10:01  Zergling x10  
  193  10:06  Hive  
  199  10:08  Zerg Melee Weapons Level 2  
  197  10:16  Zergling x6  
  197  10:19  Zerg Ground Armor Level 1  
  167  10:33  Zergling x14  
  167  10:34  Zergling x22  
  186  10:35  Ravager x3  
  186  10:36  Ravager  
  188  10:43  Centrifical Hooks  
  188  10:46  Overlord  
  188  10:52  Overlord  
  188  10:56  Corruptor  
  188  10:57  Corruptor x6  
  182  11:01  Drone x3  
  182  11:02  Spine Crawler x2  
  182  11:03  Spine Crawler, Drone x3  
  199  11:04  Extractor, Drone  
  199  11:08  Baneling  
  199  11:09  Baneling x10  
  199  11:26  Baneling x14  
  199  11:32  Hatchery  
  198  11:36  Zergling x4  
  200  11:40  Adrenal Glands  
  200  11:42  Pathogen Glands  
  200  11:48  Extractor  
  200  11:51  Drone  
  200  11:55  Baneling x4  
  200  11:56  Baneling x5  
  200  11:58  Hatchery  
  200  11:59  Overseer  
  199  12:01  Overlord  
  199  12:09  Zerg Flyer Weapons Level 3  
  199  12:21  Zergling x2  
  198  12:29  Zergling x24  
  185  12:30  Zergling x26  
  185  12:32  Zergling x12  
  200  12:38  Zerg Ground Armor Level 2, Zerg Melee Weapons Level 3  
  200  12:39  Neural Parasite  
  200  12:52  Baneling x9  
  200  12:53  Baneling x21  
  200  13:04  Zergling x2  
  200  13:05  Zergling x20  
  199  13:12  Zergling x2  
  199  13:17  Baneling x8  
  197  13:26  Zergling x2, Baneling  
  198  13:27  Baneling x3  
  198  13:28  Zergling x2, Baneling  
  198  13:29  Baneling x15  
  198  13:30  Zergling x2  
  154  13:42  Zergling x34  
  154  13:43  Zergling x42  
  154  13:48  Roach x3  
  188  13:57  Zergling x22  
  194  14:05  Zergling x18  
  186  14:10  Zergling x12  
  186  14:11  Zergling x2  
  175  14:17  Zergling x4  
  175  14:18  Zergling x12  
  175  14:21  Roach x2  
  175  14:22  Ravager  
  175  14:23  Ravager x2  
  189  14:31  Zergling x14  
  190  14:35  Zergling x2  
  190  14:37  Zergling x16  
  190  14:38  Zergling x2  
  183  14:39  Zergling x2  
  163  14:49  Roach x4  
  163  14:52  Drone x9  
  174  14:56  Ravager x2  
  174  14:59  Baneling x12  
  176  15:04  Zerg Missile Weapons Level 2  
  176  15:08  Baneling x6  
  176  15:09  Baneling  
  176  15:10  Zergling x12  
  176  15:12  Ravager x4  
  186  15:29  Drone  
  186  15:31  Zergling x24  
  198  15:38  Spine Crawler  
  198  15:41  Spine Crawler  
  198  15:42  Spine Crawler x2  
  195  15:44  Zergling x12  
  195  15:46  Baneling x4  
  195  15:47  Baneling  
  173  16:07  Zergling x8  
  173  16:10  Zergling x4  
  173  16:11  Zergling x50  
  178  16:12  Zergling x4  
  178  16:13  Zergling x10, Baneling  
  178  16:18  Zergling x2  
  192  16:23  Infestor x4  
  200  16:25  Burrow  
  200  16:27  Baneling  
  200  16:28  Zerg Ground Armor Level 3  
  200  16:30  Baneling  
  200  16:38  Baneling  
  200  16:39  Baneling x14  
  199  16:50  Infestor x2  
  199  16:52  Baneling x2  
  199  16:53  Baneling x20  
  199  17:10  Spore Crawler  
  199  17:13  Zergling x2  
  196  17:21  Drone  
  186  17:25  Infestor x5  
  186  17:26  Infestor x2  
  198  17:32  Zergling x6  
  199  17:45  Zergling x2  
  199  17:52  Zergling x2  
  199  17:56  Zergling x2  
  199  17:57  Zergling x20  
  199  18:03  Zergling x8  
  198  18:06  Zergling x2, Hatchery  
  198  18:07  Zergling x10  
  193  18:17  Infestor x3  
  193  18:18  Zergling x2  
  200  18:26  Baneling x3  
  200  18:27  Baneling x6  
  200  18:31  Hatchery  
  199  18:36  Zergling x2  
  198  18:45  Zergling x4  
  198  18:46  Zergling x4  
  198  18:48  Overseer x3, Spine Crawler  
  198  18:49  Spine Crawler x2  
  198  18:53  Spine Crawler  
  198  18:54  Drone x4  
  198  18:56  Zergling x2  
  199  19:10  Baneling  
  199  19:11  Baneling x12  
  199  19:12  Baneling x3  
  199  19:22  Zergling x2  
  199  19:24  Zergling x4  
  198  19:31  Zergling x2  
  198  19:34  Overseer  
  198  19:38  Zergling x2  
  198  19:52  Zergling x26  
  198  20:09  Infestor x3  
  198  20:10  Infestor x4  
  168  20:23  Spine Crawler  
  168  20:24  Zergling x32, Spine Crawler  
  168  20:25  Zergling x38  
  168  20:26  Hatchery  
  168  20:27  Overlord  
  179  20:30  Zergling x2  
  179  20:33  Zergling x2, Ultralisk Cavern  
  180  20:36  Overlord  
  169  20:53  Baneling x15  
  169  20:54  Baneling x4  
  169  20:55  Zergling x30  
  165  20:59  Baneling  
  165  21:00  Baneling x13  
  165  21:02  Zergling x2  
  165  21:03  Zergling x30  
  182  21:04  Zergling x2  
  182  21:05  Zergling x2  
  152  21:11  Zergling x10  
  152  21:12  Zergling x4  
  153  21:23  Zergling x6  
  153  21:24  Zergling x10  
  147  21:25  Infestor  
  147  21:26  Infestor x2  
  149  21:35  Infestor x7  
  160  21:42  Infestor  
  160  21:43  Infestor x4  
  160  21:45  Zergling x6  
  173  21:48  Baneling x4  
  173  21:52  Extractor  
  172  21:54  Zergling x14  
  172  22:00  Drone x4  
  181  22:08  Zergling x20  
  189  22:15  Hatchery  
  190  22:16  Drone x3  
  175  22:26  Zergling x10  
  152  22:35  Zergling x10  
  147  22:38  Baneling  
  147  22:39  Drone x2, Baneling  
  149  22:50  Zergling x2  
  149  22:51  Zergling x8  
  108  22:52  Zergling x2  
  99  23:01  Zergling x12  
  100  23:10  Infestor x3  
  104  23:23  Zergling x18  
  113  23:35  Zergling x12  
  118  23:52  Zergling x10  
  118  23:53  Zergling x18  
  126  23:58  Drone  
  126  23:59  Drone x2  
  115  24:03  Drone x2  
  115  24:05  Drone  
  115  24:08  Drone  
  106  24:10  Drone  
  106  24:15  Drone  
  108  24:17  Drone  
  109  24:24  Drone x2  
  109  24:26  Drone  
  112  24:32  Drone  
  112  24:36  Drone x2  
  112  24:37  Drone  
  117  24:45  Drone  
  117  24:49  Infestor x3  
  123  24:56  Drone  
  123  24:57  Drone x2  
  122  25:01  Drone x9  
  103  25:15  Drone x3  
  103  25:17  Zergling x2  
  103  25:18  Zergling x12  
  103  25:20  Drone x3  
  109  25:31  Drone  
  109  25:32  Extractor x2  
  108  25:37  Roach x5  
  118  25:47  Extractor, Drone x5  
  118  25:48  Extractor  
  121  26:04  Roach x6  
  131  26:16  Drone  
  128  26:26  Hatchery, Roach x2  
  132  26:43  Roach x8  
  146  26:58  Hatchery  
  142  27:03  Drone  
  142  27:04  Drone x3  
  142  27:05  Drone x3  
  149  27:09  Overseer  
  149  27:17  Roach x5  
  149  27:18  Ravager x6  
  149  27:19  Ravager  
  166  27:35  Zergling x2  
  166  27:36  Zergling x16  
  175  27:38  Zergling x2  
  176  28:05  Extractor  
  176  28:06  Zergling x2  
  176  28:07  Zergling x22  
  176  28:09  Extractor  
  186  28:25  Baneling x15  
  186  28:26  Baneling x2  
  186  28:31  Overseer  
  186  28:35  Drone x3  
  186  28:39  Zergling x6  
  186  28:40  Zergling x8  
  186  28:41  Baneling x5  
  193  28:59  Zergling x2  
  193  29:00  Zergling x6  
  164  29:09  Zergling x2  
  101  29:14  Zergling x20  
  101  29:15  Zergling x6  
  101  29:16  Zergling x2  
  89  29:22  Zergling x4  
  78  29:24  Zergling x2  
Tags
 
Add a new tag
Caveats
  • Supply blocks, unpowered buildings, or Contaminate may cause inaccurate times.
  • Supply counts are checked every 10 seconds.